 Dungeon Crawl Stone Soup version 0.28.0 (webtiles) character file.

Game seed: 1374611871301226379

32804 Ijustatesigmund the Fighter (level 13, -1/89 HPs)
             Began as a Gargoyle Fighter on Feb 10, 2022.
             Was an Elder of Cheibriados.
             Killed from afar by a tengu reaver (13 damage)
             ... with a bolt of cold
             ... on level 13 of the Dungeon.
             The game lasted 00:31:42 (16573 turns).

Ijustatesigmund the Fighter (Gargoyle Fighter)     Turns: 16573, Time: 00:31:43

Health: -1/89      AC: 30    Str: 35    XL:     13   Next: 66%
Magic:  7/21       EV: 12    Int: 22    God:    Cheibriados [****..]
Gold:   808        SH: 12    Dex: 19    Spells: 12/12 levels left

rFire   . . .      SeeInvis +   a - +5 flail (holy)
rCold   . . .      Faith    .   c - +1 buckler
rNeg    + . .      Spirit   .   b - +0 chain mail
rPois   ∞          Reflect  +   j - +1 helmet
rElec   +          Harm     .   h - +0 cloak
rCorr   .          Rampage  .   i - +1 pair of gloves {Str+3}
Will    .....                   (no boots)
Stlth   ..........              t - amulet of reflection
HPRegen 0.24/turn               f - +4 ring of protection
MPRegen 0.17/turn               s - ring of see invisible

@: very slow
A: sickness immunity, AC +9, negative energy resistance 1, electricity
resistance, torment resistance 1, petrification resistance
a: Renounce Religion, Bend Time, Temporal Distortion, Slouch


You were on level 13 of the Dungeon.
You worshipped Cheibriados.
Cheibriados was greatly pleased with you.
You visited 3 branches of the dungeon, and saw 16 of its levels.

You collected 808 gold pieces.

Inventory:

Hand Weapons
 a - a +5 flail of holy wrath (weapon)
 o - a +0 morningstar
Missiles
 C - a throwing net (quivered)
Armour
 b - a +0 chain mail (worn)
 c - a +1 buckler (worn)
 h - a +0 cloak (worn)
 i - a +1 pair of gloves of strength (worn)
 j - a +1 helmet (worn)
Jewellery
 f - a +4 ring of protection (left hand)
 l - a ring of positive energy
 s - a ring of see invisible (right hand)
 t - an amulet of reflection (around neck)
 u - a ring of protection from cold
 v - a ring of protection from cold
 y - a ring of wizardry
 F - a ring of positive energy
 H - an amulet of guardian spirit
Wands
 e - a wand of paralysis (1)
 m - a wand of iceblast (5)
 r - a wand of mindburst (14)
 A - a wand of flame (8)
 I - a wand of acid (4)
Scrolls
 k - a scroll of enchant armour
 p - 2 scrolls of teleportation
 w - 3 scrolls of identify
 x - a scroll of torment
Potions
 d - 2 potions of cancellation
 g - 2 potions of mutation
 n - 2 potions of lignification
 q - 2 potions of brilliance
 z - a potion of flight
 B - a potion of might
 D - 3 potions of attraction
 G - a potion of berserk rage


   Skills:
 + Level 13.8 Fighting
 + Level 13.0 Maces & Flails
 - Level 8.4 Armour
 - Level 5.8 Dodging
 - Level 5.7 Shields
 + Level 11.3 Invocations
 - Level 3.5 Evocations


You had 12 spell levels left.
You didn't know any spells.
Your spell library contained the following spells:

 Spells                   Type           Power      Damage    Failure   Level
 Slow                     Hex            0%         N/A       58%         1
 Blink                    Tloc           0%         N/A       73%         2
 Call Canine Familiar     Summ           0%         N/A       91%         3
 Confusing Touch          Hex            0%         N/A       91%         3
 Gell's Gravitas          Tloc           0%         N/A       91%         3
 Lesser Beckoning         Tloc           0%         N/A       91%         3
 Portal Projectile        Hex/Tloc       0%         N/A       91%         3
 Teleport Other           Tloc           0%         N/A       91%         3
 Vampiric Draining        Necr           0%         2d6       91%         3
 Fulminant Prism          Conj/Hex       0%         3d6       100%        4
 Iskenderun's Mystic Bla  Conj/Tloc      0%         2d3       100%        4
 Leda's Liquefaction      Hex/Erth       0%         N/A       100%        4
 Lee's Rapid Deconstruct  Erth           0%         3d5*      100%        5
 Manifold Assault         Tloc           0%         N/A       100%        5
 Dispersal                Tloc           0%         N/A       100%        6


Dungeon Overview and Level Annotations

Branches:
Dungeon (13/15)            Temple (1/1) D:4            Lair (2/6) D:11
    Orc (0/2) D:12
  Swamp: Lair:2-4    Shoals: Lair:2-4     Snake: Lair:2-4    Spider: Lair:2-4
 Vaults: D:13-14

Altars:
Ashenzari
Cheibriados
Dithmenos
Elyvilon
Fedhas
Gozag
Hepliaklqana
Kikubaaqudgha
Makhleb
Nemelex Xobeh
Okawaru
Qazlal
Ru
Sif Muna
Trog
Uskayaw
Vehumet
Wu Jian
Xom
Yredelemnul
Zin
The Shining One
Beogh

Shops:
D:9 !   D:11 (

Annotations:
D:10 1 runed translucent door, mn3067's ghost, novice MiFi


Innate Abilities, Weirdness & Mutations

You are immune to sickness and miasma.
Your stone body is resilient. (AC +9)
You are immune to poison.
You resist negative energy. (rN+)
You are resistant to electric shocks. (rElec)
You are resistant to unholy torment.
You are immune to petrification.


Message History

(D) Dungeon (T) Temple (L) Lair (O) Orcish Mines
Where to? (Enter - D:12, ? - help)
There is a stone staircase leading down here.
You climb downwards.
There is a stone staircase leading up here.
You open the door.
A frost giant comes into view.
It is wielding a +2 battleaxe of freezing.
The frost giant moves out of view.
Found an escape hatch in the floor.
A frost giant is nearby!
A tengu reaver comes into view.
It is wielding a +1 vampiric broad axe, wearing a +2 scale mail of poison resistance and wearing a +0 buckler of reflection.
Found two escape hatches in the ceiling and an escape hatch in the floor.
The tengu reaver shouts!
The frost giant misses you.
The frost giant hits you with a +2 battleaxe of freezing!!
The frost giant freezes you.
The tengu reaver gestures at you while chanting.
The bolt of cold hits you!
There is an open door here.
Activating: Slouch (1% risk of failure)
Press: ? - help, Dir - look around, f - activate You can feel time thicken for a moment.
Cheibriados lowers the support of your attributes as your movement quickens.
The frost giant casts a spell at you. The bolt of cold hits you!!
* * * LOW HITPOINT WARNING * * *
As you read the scroll of fear, it crumbles to dust.
You assume a fearsome visage.
The frost giant resists with almost no effort.
The tengu reaver resists with almost no effort.
You block the frost giant's attack.
The tengu reaver points at you and mumbles some strange words.
The bolt of negative energy misses you.
You step out of the flow of time.
You return to the normal time flow.
You can no longer step out of the flow of time.
Cheibriados lowers the support of your attributes as your movement quickens.
The frost giant shouts!
The tengu reaver shouts!
The tengu reaver points at you and mumbles some strange words.
The bolt of cold hits you!
You die...

##.## #...#
##...##
#.....#
##.....##
#.......#
##.......##
#.........#
#####@#####
#<.C.......<#
#...........#
#>........Q>#
######'######
... ... ...


You could see a frost giant and a tengu reaver.

Vanquished Creatures
  2 hydras
  A two-headed ogre (D:11)
  Sonja (D:10)
  8 skeletal warriors
  A deep elf pyromancer (D:12)
  An orc knight (D:10)
  An elephant (D:11)
  4 black mambas (Lair:1)
  5 cyclopes
  3 centaur zombies (D:11)
  4 cane toads
  2 unseen horrors (D:11)
  A kobold demonologist (D:6)
  Maggie (D:10)
  2 komodo dragons
  2 efreet
  A troll (D:11)
  2 polar bears (Lair:2)
  6 blink frogs (Lair:1)
  A slime creature (D:11)
  13 yaks
  Sigmund (D:3)
  2 vampires (D:12)
  2 wraiths (D:11)
  4 wyverns
  3 shadows
  A basilisk (D:11)
  2 vampire mosquitoes (D:12)
  A redback simulacrum (D:10)
  Edmund (D:5)
  3 water moccasins
  2 acid dragons
  9 orc warriors
  2 ice beasts
  A hornet zombie (D:7)
  An ogre (D:6)
  A necrophage (D:3)
  2 black bears
  A sky beast (D:7)
  7 centaurs
  42 wolves (Lair:1)
  2 phantoms
  3 kobold brigands
  7 bullfrogs
  2 gnoll sergeants
  4 scorpions
  2 wyvern zombies
  20 killer bees
  4 wights (D:9)
  An electric eel (Lair:2)
  2 howler monkeys
  3 bullfrog zombies
  A hound (D:4)
  9 orc priests
  4 jellies
  6 iguanas
  Jessica (D:3)
  8 orc wizards
  Ijyb (D:3)
  A hound skeleton (D:5)
  3 howler monkey zombies
  15 gnolls
  6 adders
  3 white imps
  An ufetubus (D:6)
  A worm (D:2)
  3 dart slugs
  37 orcs
  6 ball pythons
  4 endoplasms
  3 giant cockroaches
  3 goblins
  13 hobgoblins
  11 jackals
  6 quokkas
  5 bats
  5 frilled lizards
  13 kobolds
  6 rats
375 creatures vanquished.

Vanquished Creatures (collateral kills)
  A bat (D:2)
1 creature vanquished.

Vanquished Creatures (others)
  A centaur zombie (D:11)
  4 fungi
  20 plants
25 creatures vanquished.

Grand Total: 401 creatures vanquished

Notes
Turn   | Place    | Note
-------+----------+-------------------------------------------
     0 | D:1      | Ijustatesigmund the Gargoyle Fighter began the quest for
                  | the Orb.
     0 | D:1      | Reached XP level 1. HP: 14/14 MP: 1/1
   137 | D:1      | Reached XP level 2. HP: 17/19 MP: 2/2
   714 | D:1      | Found a faded altar of an unknown god.
   798 | D:1      | Reached XP level 3. HP: 24/24 MP: 3/3
  1455 | D:2      | Reached XP level 4. HP: 29/29 MP: 4/4
  2112 | D:3      | Noticed a necrophage
  2123 | D:3      | Killed a necrophage
  2124 | D:3      | Reached XP level 5. HP: 33/34 MP: 5/5
  2347 | D:3      | Noticed Jessica
  2403 | D:3      | Killed Jessica
  2404 | D:3      | Reached skill level 5 in Maces & Flails
  2404 | D:3      | Reached XP level 6. HP: 40/40 MP: 6/6
  2427 | D:3      | Found a glowing golden altar of the Shining One.
  2448 | D:3      | Noticed Ijyb
  2450 | D:3      | Noticed Sigmund
  2464 | D:3      | Killed Ijyb
  2465 | D:3      | Reached skill level 5 in Fighting
  2961 | D:4      | Found a staircase to the Ecumenical Temple.
  3266 | D:4      | Reached XP level 7. HP: 44/44 MP: 7/7
  3330 | D:4      | Reached skill level 1 in Evocations
  3662 | D:5      | Entered Level 5 of the Dungeon
  3835 | D:5      | Found a sparkling altar of Nemelex Xobeh.
  3981 | D:5      | Noticed Edmund
  3992 | D:5      | Killed Edmund
  4116 | D:5      | Reached XP level 8. HP: 34/51 MP: 8/8
  4395 | D:5      | Reached skill level 5 in Armour
  4440 | D:5      | Found a blossoming altar of Fedhas.
  4488 | D:5      | Found a sacrificial altar of Ru.
  5055 | D:3      | Killed Sigmund
  5678 | Temple   | Entered the Ecumenical Temple
  5859 | Temple   | Became a worshipper of Cheibriados the Contemplative
  6010 | D:6      | Reached skill level 1 in Invocations
  6350 | D:6      | Reached XP level 9. HP: 46/57 MP: 10/10
  6437 | D:6      | Noticed a kobold demonologist
  6446 | D:6      | Noticed an orange demon
  6447 | D:6      | Noticed a smoke demon
  6448 | D:6      | Noticed a smoke demon
  6448 | D:6      | Killed a kobold demonologist
  6448 | D:6      | Reached * piety under Cheibriados
  6505 | D:6      | Reached skill level 10 in Fighting
  6505 | D:6      | Reached skill level 5 in Shields
  6505 | D:6      | Reached skill level 5 in Invocations
  6505 | D:6      | Reached XP level 10. HP: 68/68 MP: 11/14
  7150 | D:7      | Reached ** piety under Cheibriados
  7904 | D:8      | Reached skill level 10 in Maces & Flails
  8251 | D:8      | Reached XP level 11. HP: 53/73 MP: 15/15
  8603 | D:8      | Reached *** piety under Cheibriados
  9026 | D:9      | Found Uxiruevu's Distillery.
  9170 | D:9      | Reached **** piety under Cheibriados
  9813 | D:10     | Entered Level 10 of the Dungeon
 10123 | D:10     | Found a broken altar of Ashenzari.
 10217 | D:10     | Found a runed translucent door.
 10218 | D:10     | Found a shimmering altar of Xom.
 10218 | D:10     | Noticed mn3067's ghost (novice MiFi)
 10218 | D:10     | Noticed a +2 mace of chaos
 10319 | D:10     | Noticed Maggie
 10319 | D:10     | Noticed Sonja
 10320 | D:10     | Killed Sonja
 10332 | D:10     | Killed Maggie
 10396 | D:10     | Found a shadowy altar of Dithmenos.
 10785 | D:10     | Noticed an orc knight
 10804 | D:10     | Killed an orc knight
 11144 | D:11     | Noticed a cyclops
 11144 | D:11     | Noticed a skeletal warrior
 11145 | D:11     | Noticed a skeletal warrior
 11145 | D:11     | Noticed a skeletal warrior
 11145 | D:11     | Noticed a skeletal warrior
 11145 | D:11     | Noticed a skeletal warrior
 11155 | D:11     | Killed a cyclops
 11169 | D:11     | Noticed a cyclops
 11169 | D:11     | Noticed a cyclops
 11179 | D:11     | Killed a cyclops
 11243 | D:11     | Noticed an eight-headed hydra
 11257 | D:11     | Found Jibeosyb's Weapon Shop.
 11520 | D:11     | Noticed a cyclops
 11530 | D:11     | Killed a cyclops
 11698 | D:11     | Noticed a two-headed ogre
 11700 | D:11     | Found a staircase to the Lair.
 11724 | D:11     | Killed a two-headed ogre
 11725 | D:11     | Reached XP level 12. HP: 52/80 MP: 18/18
 12023 | D:11     | Killed an eight-headed hydra
 12193 | D:11     | Reached skill level 5 in Dodging
 12942 | D:12     | Found a staircase to the Orcish Mines.
 14252 | D:12     | Noticed a six-headed hydra
 14262 | D:12     | Killed a six-headed hydra
 14263 | D:12     | Reached skill level 10 in Invocations
 14263 | D:12     | Reached XP level 13. HP: 87/87 MP: 17/20
 14587 | Lair:1   | Entered Level 1 of the Lair of Beasts
 14842 | Lair:1   | Reached ***** piety under Cheibriados
 16568 | D:13     | Noticed a frost giant
 16570 | D:13     | Noticed a tengu reaver
 16573 | D:13     | Killed from afar by a tengu reaver

Illustrated notes

Levels and vault maps discovered:
D:1:      lightli_arrival_maybe_door_vault, layout_loops_corners,
          basic_ecumenical_altar
D:2:      layout_basic
D:3:      layout_basic, mainiacjoe_overflow_boulevard, uniq_ijyb, uniq_sigmund,
          uniq_jessica
D:4:      layout_basic, temple_statues
D:5:      layout_loops_ring, kennysheep_little_box,
          mainiacjoe_overflow_two_lobes, uniq_edmund
D:6:      layout_basic
D:7:      layout_rooms
D:8:      layout_basic
D:9:      layout_roguey, serial_shops, nicolae_take_the_stairs
D:10:     cheibrodos_orc_bank, layout_loops_ring, lemuel_round_altar,
          ashenzari_altar_1, ebering_ghost_xom, uniq_maggie, uniq_sonja
D:11:     layout_loops_ring, david_lair_generic, serial_shops,
          nicolae_shop_statue_plus, minmay_bent
D:12:     layout_loops_corners, minmay_orc_entry_temple_small
D:13:     minmay_diamond_stairs, layout_irregular_city, serial_shops,
          nicolae_shop_advertising_works [nicolae_subvault_shop_adworks],
          uniq_rupert
Temple:   eino_temple_rhombus
Lair:1:   layout_cave_pods, gauntlet_entry_generic, grunt_forest_large_clearings
Lair:2:   dreamdust_isle_of_ice, layout_misc_corridors,
          nicolae_spider_entry_tight_spaces, serial_bayou, serial_bayou_ford_a,
          serial_bayou_pond_a, serial_bayou_pond_d, serial_bayou_shore_a,
          serial_bayou_pond_d, chequers_serial_rivers_micro_a, evilmike_ambush
          [evilmike_ambush_outer_basic, evilmike_ambush_inner_basic],
          lemuel_fruit_fields

Skill      XL: |  1  2  3  4  5  6  7  8  9 10 11 12 13 |
---------------+----------------------------------------+-----
Maces & Flails | 3 4 5 6 9 10 11 12 13 | 13.0
Fighting       | 4 5 7 10 11 12 13 | 13.8
Armour         | 4 6 7 8 |  8.4
Evocations     | 3 |  3.5
Invocations    | 2 5 6 8 10 11 | 11.3
Dodging        | 3 4 5 |  5.8
Shields        | 5 |  5.7

Action                   |  1- 3 |  4- 6 |  7- 9 | 10-12 | 13-15 || total
-------------------------+-------+-------+-------+-------+-------++-------
Melee: Flail             |   103 |   207 |   179 |   673 |   249 ||  1411
Throw: Throwing net      |       |       |       |     1 |       ||     1
Invok: Slouch            |       |       |       |     5 |     4 ||     9
       Bend Time         |       |       |       |     2 |       ||     2
       Step From Time    |       |       |       |       |     1 ||     1
Evoke: Wand              |       |       |    13 |    19 |     1 ||    33
  Use: Scroll            |     2 |     5 |     6 |    14 |     4 ||    31
       Potion            |       |     2 |     4 |     3 |     1 ||    10
Armor: Scale mail        |    80 |   123 |    48 |       |       ||   251
       Chain mail        |       |       |    36 |   353 |   140 ||   529
Dodge: Dodged            |    61 |   132 |    66 |   279 |   148 ||   686
Block: Buckler           |    15 |    70 |    45 |   350 |   197 ||   677
       Reflection        |       |       |       |    12 |       ||    12
